 Dungeon Crawl Stone Soup version 0.9.0-15-g1b13fe2 character file.

169 Arcturus the Insei (level 4, 0/32 HPs)
             Began as a Demonspawn Transmuter on Aug 22, 2011.
             Succumbed to a kobold's poison
             ... on Level 3 of the Dungeon.
             The game lasted 00:20:56 (4793 turns).

Arcturus the Insei (Demonspawn Transmuter)          Turns: 4793, Time: 00:20:56

HP   0/32        AC  3     Str 11      XL: 4   Next: 24%
MP   6/6         EV 13     Int 15      God:
Gold 79          SH  0     Dex 13      Spells:  2 memorised,  4 levels left

Res.Fire  : . . .   See Invis. : .     - Unarmed
Res.Cold  : . . .   Warding    : . . c - +0 robe
Life Prot.: . . .   Conserve   : .   (no shield)
Res.Acid. : . . .   Res.Corr.  : .   (no helmet)
Res.Poison: .       Clarity    : .   (no cloak)
Res.Elec. : .       Spirit.Shd : .   (no gloves)
Sust.Abil.: . .     Stasis     : .   (no boots)
Res.Mut.  : .       Ctrl.Telep.: .   (no amulet)
Res.Rott. : .       Levitation : .   (no ring)
Saprovore : . . .   Ctrl.Flight: .   (no ring)

@: mildly poisoned, slightly resistant to hostile enchantments, unstealthy
A: hooves 1, AC +1
a: no special abilities


You were on level 3 of the Dungeon.
You were not hungry.

You visited 1 branch of the dungeon, and saw 3 of its levels.

You collected 59 gold pieces.

Inventory:

Missiles
 b - 12 +0 arrows
 i - 2 +1 darts (quivered)
Armour
 c - a +0 robe (worn)
Comestibles
 a - a bread ration
Scrolls
 e - 3 scrolls of remove curse {unknown}
 g - a scroll of enchant armour {unknown}
 k - a scroll of recharging {unknown}
 l - a scroll of blinking {unknown}
 n - 2 scrolls of detect curse {unknown}
Potions
 f - a potion of poison
 j - 2 potions of healing {unknown}
 m - a potion of resistance
Books
 d - a book of Changes

   Spells                             Type                      Level
   *Fulsome Distillation              Transmutation/Necromancy     1
   Sticks to Snakes                   Transmutation                2
   *Evaporate                         Fire/Transmutation           2
   Spider Form                        Transmutation/Poison         3
   Ice Form                           Ice/Transmutation            4
   Blade Hands                        Transmutation                5


   Skills:
 + Level 1 Fighting
 + Level 3 Dodging
 + Level 1 Stealth
 + Level 3 Unarmed Combat
 + Level 2 Spellcasting
 + Level 2 Transmutations


You had 4 spell levels left.
You knew the following spells:

 Your Spells              Type           Power        Success   Level  Hunger
a - Fulsome Distillation Trmt/Necr N/A            Very         Good        1    Strawberry
b - Evaporate             Fire/Trmt      #.........   Good        2    Choko

Dungeon Overview and Level Annotations

Branches:
Dungeon (3/27)

Altars:
Ashenzari
Nemelex Xobeh
Yredelemnul

Portals:
Abyss: D:1***


Innate Abilities, Weirdness & Mutations

You have large cloven feet.
You are partially covered in colourless scales (AC +1).


Message History

You start resting.
* * * LOW HITPOINT WARNING * * *
You feel sick.
You start resting.
* * * LOW HITPOINT WARNING * * *
You feel sick.
You start resting.
* * * LOW HITPOINT WARNING * * *
You feel sick.
You start resting.
* * * LOW HITPOINT WARNING * * *
You feel sick.
You start resting.
* * * LOW HITPOINT WARNING * * *
You feel sick.
You start resting.
* * * LOW HITPOINT WARNING * * *
You feel sick.
You start resting.
You die...

#####+###
#.......#
#.......#
#...._..#
#...@...#
########
+.......#
#.^.....
#.......#
#.######
#.......#
#.#
#.......#
#.#
#...(...#
#.#
####'####
#.# #.#
#.# #(#
#.#


There were no monsters in sight!

Vanquished Creatures
  3 snakes (D:2)
  An ooze (D:1)
  2 orcs
  5 bats
  6 giant cockroaches
  8 hobgoblins
  12 kobolds
  A quokka (D:2)
  3 giant newts
  11 goblins
  8 rats
  A small snake (D:1)
61 creatures vanquished.

Vanquished Creatures (others)
  A rat (D:1)
  3 toadstools
4 creatures vanquished.

Grand Total: 65 creatures vanquished

Notes
Turn   | Place    | Note
--------------------------------------------------------------
     0 | D:1      | Arcturus, the Demonspawn Transmuter, began the quest for the Orb.
     0 | D:1      | Reached XP level 1. HP: 15/15 MP: 1/1
   282 | D:1      | Gained mutation: You are partially covered in colourless scales (AC +1).
   282 | D:1      | Reached XP level 2. HP: 14/21 MP: 3/3
   450 | D:1      | Learned a level 1 spell: Fulsome Distillation
   454 | D:1      | Learned a level 2 spell: Evaporate
  1364 | D:1      | Reached XP level 3. HP: 21/26 MP: 4/4
  1921 | D:2      | Found a shattered altar of Ashenzari.
  2174 | D:2      | Noticed a big fish zombie
  2175 | D:2      | Noticed a giant goldfish zombie
  3021 | D:2      | Found a basalt altar of Yredelemnul.
  3145 | D:2      | Reached skill level 1 in Stealth
  3591 | D:2      | Gained mutation: You have large cloven feet.
  3591 | D:2      | Reached XP level 4. HP: 19/32 MP: 6/6
  4757 | D:3      | Found a sparkling altar of Nemelex Xobeh.
  4792 | D:3      | HP: 1/32 [poisoned by a kobold]
  4793 | D:3      | Succumbed to a kobold's poison
